 Dungeon Crawl Stone Soup version 0.19.5 (webtiles) character file.

25742 Mysteryquy the Carver (level 12, -2/94 HPs)
             Began as a Demonspawn Fighter on Nov 22, 2016.
             Was a Priest of Nemelex Xobeh.
             Splashed by an oklob plant's acid (11 damage)
             ... on level 6 of the Lair of Beasts on Apr 29, 2017.
             The game lasted 01:00:57 (23802 turns).

Mysteryquy the Carver (Demonspawn Fighter)         Turns: 23802, Time: 01:00:58

Health: -2/94      AC: 21    Str: 22    XL:     12   Next: 92%
Magic:  19/19      EV:  7    Int: 10    God:    Nemelex Xobeh [***...]
Gold:   1019       SH:  0    Dex: 12    Spells: 0 memorised, 11 levels left

rFire  + + +     SeeInvis .     K - +3 great sword (protect)
rCold  . . .     Gourm    .     e - +1 plate armour {rF+}
rNeg   . . .     Faith    .     (shield currently unavailable)
rPois  +         Spirit   .     j - +1 helmet
rElec  .         Reflect  .     A - +0 cloak
rCorr  .         Harm     .     (no gloves)
MR     .....                    (no boots)
Stlth  ..........               (no amulet)
                                B - ring of protection from fire
                                h - ring of poison resistance

@: corroded, protection aura
A: hooves 2, slimy green scales 2, demonic guardian 1, fire resistance 1
a: Triple Draw, Renounce Religion


You were on level 6 of the Lair of Beasts.
You worshipped Nemelex Xobeh.
Nemelex Xobeh was most pleased with you.
You were hungry.

You visited 3 branches of the dungeon, and saw 17 of its levels.

You collected 1019 gold pieces.

Inventory:

Hand Weapons
 K - a +3 great sword of protection (weapon)
 L - a +0 falchion
Armour
 e - a +1 plate armour of fire resistance (worn)
 j - a +1 helmet (worn)
 A - a +0 cloak (worn)
Jewellery
 h - a ring of poison resistance (left hand)
 w - an uncursed amulet of regeneration {unknown}
 B - a ring of protection from fire (right hand)
 M - a +2 ring of dexterity {unknown}
 O - an uncursed ring of stealth {unknown}
 V - an uncursed ring of wizardry {unknown}
Wands
 a - a wand of confusion (22/48)
 c - a wand of confusion (25/48)
 s - a wand of digging (10/24)
 t - a wand of lightning (4/15)
 x - a wand of iceblast (3/15)
 F - a wand of polymorph (17/24)
 H - a wand of teleportation (0/9)
 N - a wand of iceblast (7/15)
 P - a wand of hasting (5/9)
 Q - a wand of slowing (16/48)
 Z - a wand of slowing (11/48)
Scrolls
 d - a scroll of teleportation
 g - 7 scrolls of enchant armour
 l - 3 scrolls of immolation
 n - 3 scrolls of remove curse
 o - 3 scrolls of random uselessness
 p - 17 scrolls of identify
 r - 2 scrolls of noise
 D - 2 scrolls of fog
 G - 4 scrolls of amnesia
 I - 4 scrolls of enchant weapon
 T - a scroll of blinking {unknown}
Potions
 i - a potion of invisibility {unknown}
 k - 2 potions of ambrosia {unknown}
 m - 2 potions of curing
 q - a potion of cure mutation {unknown}
 u - 3 potions of magic {unknown}
 C - 5 potions of agility {unknown}
 E - 2 potions of cancellation {unknown}
 J - a potion of brilliance {unknown}
 U - 2 potions of might
 W - a potion of flight {unknown}
Miscellaneous
 y - a plain deck of escape {drawn: 3}
 S - a plain deck of summoning {drawn: 3}
 X - a plain deck of destruction {drawn: 1}
 Y - an ornate deck of summoning {drawn: 1}
Comestibles
 b - 9 royal jellies
 f - 4 bread rations
 v - 3 beef jerkies
 z - 22 fruits
 R - 3 meat rations


   Skills:
 + Level 8.9 Fighting
 + Level 11.6 Long Blades
 + Level 10.0 Armour
 - Level 1.5 Dodging
 - Level 1.0 Stealth
   Level 9.2 Shields
 * Level 9.9 Invocations
 + Level 0.4 Evocations


You had 11 spell levels left.
You didn't know any spells.

Dungeon Overview and Level Annotations

Branches:
Dungeon (10/15)            Temple (1/1) D:7            Lair (6/6) D:10
  Swamp (0/4) Lair:4       Spider (0/4) Lair:4          Orc (0/2) D:10
  Slime: Lair:5-6

Altars:
Ashenzari
Cheibriados
Dithmenos
Elyvilon
Fedhas
Gozag
Hepliaklqana
Kikubaaqudgha
Nemelex Xobeh
Okawaru
Qazlal
Ru
Sif Muna
Trog
Uskayaw
Vehumet
Xom
Yredelemnul
Zin
The Shining One

Shops:
D:10 [

Annotations:
Lair:6 exclusion: oklob plant


Innate Abilities, Weirdness & Mutations

You have hoof-like feet.
You are mostly covered in slimy green scales. (AC +3)
A weak demonic guardian rushes to your aid.
Your flesh is heat resistant. (rF+)


Message History

The acid corrodes you!
You are splashed with acid!
The acid burns!
* * * LOW HITPOINT WARNING * * *
You are too injured to fight recklessly!
Unknown command.
You are too injured to fight recklessly!
You are too injured to fight recklessly!
Your ufetubus hits the oklob plant.
Your ufetubus hits the oklob plant but does no damage.
Your ufetubus hits the oklob plant but does no damage. x4
The oklob plant spits acid at you. The splash of acid hits your ufetubus.
Your ufetubus is splashed with acid.
The acid corrodes your ufetubus!
Your ufetubus dies!
There is a stone staircase leading up, spattered with blood here.
The oklob plant spits acid at you. The splash of acid hits you!
* * * LOW HITPOINT WARNING * * *
You are splashed with acid!
The acid burns!
You die...
Your body glows with a rainbow of weird colours and disappears.

......# .....
.⌠...##. ...
......#...
.....#..
#######..⌠..##
#............##.⌠
...[.....5.......
#...⌠.P⌠.@.⌠.+
.............#
#............#
#.###....⌠...#
#.......##..
.......:#.....
+...⌠....#......
#......##.......
.......# .. ..


You could see an oklob plant and a friendly iron imp.

Vanquished Creatures
  Josephine (Lair:5)
  A harpy (Lair:2)
  3 spiny frogs
  2 komodo dragons
  A troll (D:10)
  3 two-headed ogres
  28 blink frogs
  6 hippogriffs
  A hornet (D:8)
  2 wraiths (Lair:5)
  A wyvern (Lair:2)
  Eustachio (D:6)
  10 yaks
  Edmund (D:6)
  2 hungry ghosts
  3 soldier ants
  9 water moccasins
  7 porcupines
  3 orc warriors
  2 sky beasts
  An ice beast (D:8)
  3 ogres
  11 wolves
  6 centaurs
  7 crocodiles
  12 bullfrogs
  A big kobold (D:8)
  4 scorpions
  A jelly (D:8)
  10 killer bees
  2 howler monkeys (D:5)
  An electric eel (Lair:5)
  2 crimson imps (D:6)
  A bullfrog zombie (D:10)
  5 hounds
  2 orc priests
  3 bullfrog skeletons
  A centaur skeleton (D:5)
  10 orc wizards
  8 worker ants
  A hound zombie (D:5)
  2 hound skeletons
  2 worker ant zombies
  A howler monkey skeleton (D:8)
  6 gnolls
  7 adders
  2 shadow imps
  An ooze (D:3)
  4 adder skeletons
  An adder zombie (D:3)
  2 worms
  A dart slug (D:2)
  4 leopard geckos
  28 orcs
  11 bats
  4 giant cockroaches
  9 goblins
  8 hobgoblins
  9 jackals
  10 kobolds
  6 quokkas
  3 ball pythons
  5 frilled lizards
  A jackal skeleton (D:3)
  A jackal zombie (D:5)
  A leopard gecko skeleton (D:4)
  10 rats
  A fungus (Lair:5)
  A plant (Lair:4)
320 creatures vanquished.

Vanquished Creatures (collateral kills)
  4 hydras
  Erica (D:8)
  The ghost of nocturnal the Arsonist, a novice DEFE of Sif Muna (D:7)
  A hill giant (D:8)
  An ugly thing (D:8)
  Psyche (D:8)
  A rime drake (Lair:2)
  2 komodo dragons
  A two-headed ogre (D:8)
  6 blink frogs
  A hippogriff (Lair:3)
  3 yaks (Lair:2)
  A wraith (Lair:5)
  2 hungry ghosts
  Duvessa (D:6)
  3 water moccasins (Lair:4)
  A porcupine (Lair:1)
  A swamp drake (Lair:2)
  An eye of draining (Lair:2)
  A phantom (D:7)
  A centaur (D:8)
  A wolf (Lair:4)
  A crocodile (Lair:5)
  Dowan (D:5)
  3 killer bees
  2 hounds
  An iguana (D:10)
  2 gnolls (D:3)
  A leopard gecko (D:6)
  3 orcs
  A goblin (D:3)
  2 kobolds (D:9)
53 creatures vanquished.

Vanquished Creatures (others)
  3 yaks
  A sky beast (D:8)
  A ball lightning (Lair:4)
  5 fungi
  A plant (Lair:4)
  7 toadstools (D:1)
18 creatures vanquished.

Grand Total: 391 creatures vanquished

Notes
Turn   | Place    | Note
-------+----------+-------------------------------------------
     0 | D:1      | Mysteryquy the Demonspawn Fighter began the quest for the Orb.
     0 | D:1      | Reached XP level 1. HP: 18/18 MP: 1/1
   193 | D:1      | Gained mutation: You have large cloven feet. [demonic ancestry]
   193 | D:1      | Reached XP level 2. HP: 24/24 MP: 2/2
   240 | D:1      | Reached skill level 2 in Long Blades
   745 | D:1      | Reached XP level 3. HP: 29/29 MP: 3/3
   908 | D:2      | Found an opulent altar of Gozag.
  1270 | D:2      | Found a shimmering altar of Xom.
  1272 | D:2      | Found a burning altar of Makhleb.
  1272 | D:2      | Found a hazy altar of Hepliaklqana.
  1274 | D:2      | Found a hide-covered altar of Uskayaw.
  1274 | D:2      | Found a basalt altar of Yredelemnul.
  1274 | D:2      | Found a shimmering altar of Xom.
  1413 | D:2      | You fall through a shaft for 2 floors!
  1455 | D:4      | Found an iron altar of Okawaru.
  1567 | D:4      | Gained mutation: A weak demonic guardian rushes to your aid. [demonic ancestry]
  1567 | D:4      | Reached XP level 4. HP: 30/35 MP: 4/4
  1664 | D:3      | Found a shattered altar of Ashenzari.
  2032 | D:3      | Gained mutation: You are partially covered in slimy green scales. (AC +2) [demonic ancestry]
  2032 | D:3      | Reached XP level 5. HP: 41/41 MP: 5/5
  2385 | D:3      | Reached skill level 3 in Long Blades
  2490 | D:3      | Found a sacrificial altar of Ru.
  2805 | D:3      | Reached XP level 6. HP: 29/47 MP: 6/6
  2959 | D:4      | Found a deep blue altar of Sif Muna.
  3416 | D:4      | Found a sacrificial altar of Ru.
  3967 | D:5      | Entered Level 5 of the Dungeon
  4271 | D:5      | Reached skill level 4 in Long Blades
  4446 | D:5      | Found a bloodstained altar of Trog.
  4582 | D:5      | Reached XP level 7. HP: 52/52 MP: 7/7
  5248 | D:6      | Noticed Duvessa
  5248 | D:6      | Noticed Dowan
  5308 | D:6      | Killed Duvessa
  5319 | D:5      | Killed Dowan
  5319 | D:5      | Reached skill level 5 in Shields
  5419 | D:6      | Found a white marble altar of Elyvilon.
  5480 | D:6      | You fall through a shaft for 3 floors!
  5503 | D:8      | Noticed a hungry ghost
  5542 | D:8      | Killed a hungry ghost
  5542 | D:8      | Reached skill level 5 in Armour
  5614 | D:8      | Noticed a two-headed ogre
  5665 | D:8      | Killed a two-headed ogre
  5665 | D:8      | Reached skill level 5 in Long Blades
  5665 | D:8      | Reached XP level 8. HP: 13/60 MP: 8/8
  5955 | D:8      | Reached skill level 1 in Stealth
  6540 | D:6      | Noticed Eustachio
  6559 | D:6      | Killed Eustachio
  6610 | D:6      | Noticed Edmund
  6671 | D:6      | Killed Edmund
  6671 | D:6      | Reached skill level 6 in Long Blades
  7301 | D:7      | Reached skill level 5 in Fighting
  7953 | D:7      | Gained mutation: You have hoof-like feet. [demonic ancestry]
  7953 | D:7      | Reached XP level 9. HP: 60/68 MP: 9/9
  8031 | D:7      | Found a hide-covered altar of Uskayaw.
  8468 | D:8      | Reached skill level 1 in Dodging
  9188 | D:7      | Noticed nocturnal's ghost (novice DEFE)
  9251 | D:7      | Killed nocturnal's ghost
  9251 | D:7      | Reached skill level 7 in Long Blades
  9937 | D:7      | Found a staircase to the Ecumenical Temple.
  9943 | Temple   | Entered the Ecumenical Temple
 10023 | Temple   | Became a worshipper of Nemelex Xobeh the Trickster
 10065 | D:8      | Noticed Erica
 10101 | D:8      | Received a gift from Nemelex Xobeh
 10710 | D:8      | Noticed Psyche
 10734 | D:8      | Killed Psyche
 10734 | D:8      | Gained mutation: You are mostly covered in slimy green scales. (AC +3) [demonic ancestry]
 10734 | D:8      | Reached XP level 10. HP: 57/76 MP: 10/10
 11248 | D:8      | Paralysed by a hornet for 1 turns
 11274 | D:8      | Found an opulent altar of Gozag.
 11285 | D:8      | Reached skill level 1 in Invocations
 11551 | D:8      | Killed Erica
 11647 | D:8      | Reached skill level 8 in Long Blades
 12069 | D:8      | Noticed a cyan ugly thing
 12100 | D:8      | Killed a cyan ugly thing
 12513 | D:8      | Noticed a hill giant
 12527 | D:8      | Killed a hill giant
 13654 | D:10     | Entered Level 10 of the Dungeon
 14087 | D:10     | Found a staircase to the Lair.
 14097 | D:10     | Found Herupo's Armour Boutique.
 14734 | D:10     | Found a staircase to the Orcish Mines.
 15045 | D:10     | Reached * piety under Nemelex Xobeh
 15235 | D:10     | Reached skill level 5 in Invocations
 15246 | D:10     | Gained mutation: Your flesh is heat resistant. (rF+) [demonic ancestry]
 15246 | D:10     | Reached XP level 11. HP: 51/82 MP: 14/14
 15507 | Lair:1   | Entered Level 1 of the Lair of Beasts
 15933 | Lair:1   | Reached skill level 9 in Long Blades
 16172 | Lair:1   | Received a gift from Nemelex Xobeh
 17128 | Lair:2   | Received a gift from Nemelex Xobeh
 17754 | Lair:2   | Noticed a harpy
 17754 | Lair:2   | a yak changed into a harpy
 17765 | Lair:2   | Killed a harpy
 18013 | Lair:2   | Reached ** piety under Nemelex Xobeh
 18031 | Lair:2   | Received a gift from Nemelex Xobeh
 19401 | Lair:3   | Noticed a six-headed hydra
 19413 | Lair:3   | Killed a six-headed hydra
 19463 | Lair:3   | Received a gift from Nemelex Xobeh
 19813 | Lair:3   | Reached skill level 10 in Long Blades
 20128 | Lair:4   | Noticed an eight-headed hydra
 20137 | Lair:4   | Reached XP level 12. HP: 27/91 MP: 17/17
 20141 | Lair:4   | Killed a ten-headed hydra
 20172 | Lair:3   | Upgraded the game from 0.19.0-24-gb05acd6 to 0.19.5
 20563 | Lair:4   | Noticed a five-headed hydra
 20624 | Lair:4   | Found a staircase to the Swamp.
 20633 | Lair:4   | Found a hole to the Spider Nest.
 20655 | Lair:4   | Reached *** piety under Nemelex Xobeh
 20764 | Lair:4   | Received a gift from Nemelex Xobeh
 20799 | Lair:4   | Killed a five-headed hydra
 21720 | Lair:4   | Reached skill level 11 in Long Blades
 21972 | Lair:5   | Noticed Josephine
 22003 | Lair:5   | Killed Josephine
 22057 | Lair:5   | HP: 2/93 [blink frog (11)]
 22415 | Lair:5   | Received a gift from Nemelex Xobeh
 22489 | Lair:5   | Reached **** piety under Nemelex Xobeh
 22778 | Lair:5   | Noticed a six-headed hydra
 22782 | Lair:5   | Killed an eight-headed hydra
 22855 | Lair:5   | Reached skill level 10 in Armour
 23619 | Lair:6   | Entered Level 6 of the Lair of Beasts
 23802 | Lair:6   | Splashed by an oklob plant's acid

Skill      XL: |  1  2  3  4  5  6  7  8  9 10 11 12 |
---------------+-------------------------------------+-----
Long Blades    | 2 3 4 5 6 7 8 10 11 | 11.6
Armour         | 3 4 5 6 7 8 9 10 | 10.0
Shields        | 3 4 5 6 7 8 9 |  9.2
Fighting       | 4 5 6 7 8 |  8.9
Stealth        | 1 |  1.0
Dodging        | 1 |  1.5
Invocations    | 5 7 9 |  9.9
Evocations     | |  0.4

Action                   |  1- 3 |  4- 6 |  7- 9 | 10-12 || total
-------------------------+-------+-------+-------+-------++-------
Melee: Long sword        |   201 |   292 |   169 |       ||   662
       Kick              |    42 |    80 |   244 |   441 ||   807
       Falchion          |       |       |   627 |   896 ||  1523
       Great sword       |       |       |       |   373 ||   373
Evoke: Wand              |       |       |     2 |     2 ||     4
       Deck              |       |       |       |    34 ||    34
  Use: Scroll            |       |       |     6 |     7 ||    13
       Potion            |       |       |     5 |     3 ||     8
 Stab: Distracted        |       |       |     2 |     3 ||     5
  Eat: Chunk             |     3 |    10 |    11 |    32 ||    56
       Bread ration      |       |       |     2 |     1 ||     3
       Meat ration       |       |       |     2 |     1 ||     3
       Fruit             |       |       |     1 |       ||     1
       Pizza             |       |       |     1 |       ||     1
       Royal jelly       |       |       |       |     1 ||     1
       Beef jerky        |       |       |       |     1 ||     1
Armor: Scale mail        |     8 |       |       |       ||     8
       Plate armour      |   196 |   232 |   513 |   928 ||  1869
Dodge: Dodged            |    20 |    42 |   148 |   357 ||   567
Block: Shield            |   118 |   157 |   361 |   551 ||  1187
       Rpst.: Long sword |     2 |    12 |     5 |       ||    19
       Falchion          |       |       |    35 |    54 ||    89
       Great sword       |       |       |       |    41 ||    41
